MLB
BOSTON RED SOX @ MINNESOTA TWINS
03/16/2068
 
TOP OF THE 1ST
Boston Red Sox batting - Pitching for Minnesota Twins : RHP Luis Ortiz
Pitching: RHP Luis Ortiz
Batting: RHB Mario Baro 0-0: Called Strike
0-1: Ball
1-1: Ball
2-1: Ball
3-1: Foul Ball, location: 2F
3-2: Base on Balls
Batting: RHB Jonathan Sotolongo 0-0: Ball
1-0: Called Strike
1-1: Foul Ball, location: 2F
1-2: Foul Ball, location: 2F
1-2: Ball
2-2: Ball
3-2: Foul Ball, location: 2F
3-2: SINGLE (Groundball, 25, EV 61.2 MPH) (infield hit)
Mario Baro to second
Batting: RHB Justin Welsh 0-0: Ball
1-0: Fielders Choice at 2nd, 5-4 (Groundball, 5, EV 86.9 MPH)
Mario Baro to third
Batting: RHB D.J. Byington 0-0: Ball
1-0: Foul Ball, location: 2F
1-1: Swinging Strike
1-2: Ball
2-2: Foul Ball, location: 2F
2-2: Ball
3-2: Foul Ball, location: 2F
3-2: SINGLE (Line Drive, 78M, EV 106.9 MPH)
Mario Baro scores
Justin Welsh to second
Batting: LHB Rick Oliver 0-0: Ball
1-0: Called Strike
1-1: Ball
2-1: Foul Ball, location: 2F
2-2: Foul Ball, location: 2F
2-2: Ball
3-2: Foul Ball, location: 2F
3-2: Strikes out swinging
Batting: LHB Alfredo Gonzales 0-0: Called Strike
0-1: SINGLE (Groundball, 4MD, EV 101.2 MPH)
Justin Welsh to third
D.J. Byington to second
Runner from 3rd tries for Home, SAFE, throw by CF to home
Batting: LHB Andy Shirey 0-0: Called Strike
0-1: Ball
1-1: Foul Ball, location: 2F
1-2: Strikes out swinging
Top of the 1st over - 2 runs, 3 hits, 0 errors, 2 left on base; Boston 2 - Minnesota 0
BOTTOM OF THE 1ST
Minnesota Twins batting - Pitching for Boston Red Sox : RHP Nestor Rivera
Pitching: RHP Nestor Rivera
Batting: RHB Brian Burris 0-0: Called Strike
0-1: Called Strike
0-2: Strikes out swinging
Batting: SHB Joe Skipper 0-0: Swinging Strike
0-1: Ball
1-1: SINGLE (Line Drive, 6D, EV 95.0 MPH)
Batting: LHB Jose Castro 0-0: Ball
1-0: Called Strike
1-1: Foul Ball, location: 2F
1-2: Foul Ball, location: 2F
1-2: Fly out, F9 (Flyball, 9, EV 91.2 MPH)
Batting: RHB Bill Larsen 0-0: Ball
1-0: Ball
2-0: Called Strike
2-1: Foul Ball, location: 2F
2-2: Strikes out swinging
Bottom of the 1st over - 0 runs, 1 hit, 0 errors, 1 left on base; Boston 2 - Minnesota 0
TOP OF THE 2ND
Boston Red Sox batting - Pitching for Minnesota Twins : RHP Luis Ortiz
Batting: RHB Mike Ayala 0-0: Ball
1-0: Called Strike
1-1: Ground out 6-3 (Groundball, 6S, EV 85.6 MPH)
Batting: RHB Gilberto Silva 0-0: Ball
1-0: Ball
2-0: Ground out 6-3 (Groundball, 6, EV 81.9 MPH)
Batting: RHB Mario Baro 0-0: Ball
1-0: Ball
2-0: Reached on error, E6 (Groundball, 6, EV 98.1 MPH)
Batting: RHB Jonathan Sotolongo 0-0: Ball
1-0: Ball
2-0: Called Strike
2-1: Foul Ball, location: 2F
2-2: Ball
3-2: Fly out, F9 (Flyball, 9LS, EV 91.9 MPH)
Top of the 2nd over - 0 runs, 0 hits, 1 error, 1 left on base; Boston 2 - Minnesota 0
BOTTOM OF THE 2ND
Minnesota Twins batting - Pitching for Boston Red Sox : RHP Nestor Rivera
Batting: RHB Tony Morales 0-0: Ball
1-0: Called Strike
1-1: Swinging Strike
1-2: Strikes out swinging
Batting: RHB Tim Ellis 0-0: Foul Ball, location: 2F
0-1: Ball
1-1: Called Strike
1-2: Ball
2-2: SINGLE (Line Drive, 78S, EV 99.4 MPH)
Batting: LHB Eric Dalton 0-0: Swinging Strike
0-1: Ball
1-1: Ball
2-1: 2-RUN HOME RUN (Flyball, 89XD, EV 106.2 MPH), Distance : 422 ft
Batting: RHB Alex Ortiz 0-0: Called Strike
0-1: Swinging Strike
0-2: Ball
1-2: Strikes out looking
Batting: RHB Franklin Martinez 0-0: Ball
1-0: Ball
2-0: Ball
3-0: Base on Balls
Batting: RHB Brian Burris 0-0: Fielders Choice at 2nd, 5-4 (Groundball, 5L, EV 90.0 MPH)
Bottom of the 2nd over - 2 runs, 2 hits, 0 errors, 1 left on base; Boston 2 - Minnesota 2
TOP OF THE 3RD
Boston Red Sox batting - Pitching for Minnesota Twins : RHP Luis Ortiz
Batting: RHB Justin Welsh 0-0: Ground out U3 (Groundball, 23, EV 91.2 MPH)
Batting: RHB D.J. Byington 0-0: Called Strike
0-1: Ball
1-1: SINGLE (Line Drive, 8LS, EV 88.8 MPH)
Batting: LHB Rick Oliver 0-0: 2-RUN HOME RUN (Flyball, 89XD, EV 111.9 MPH), Distance : 441 ft
Batting: LHB Alfredo Gonzales 0-0: Ball
1-0: Fly out, F7 (Flyball, 7S, EV 92.5 MPH)
Batting: LHB Andy Shirey 0-0: Ball
1-0: Ball
2-0: Foul Ball, location: 2F
2-1: Foul Ball, location: 2F
2-2: Ball
3-2: Fly out, F5 (Popup, 5SF, EV 68.8 MPH)
Top of the 3rd over - 2 runs, 2 hits, 0 errors, 0 left on base; Boston 4 - Minnesota 2
BOTTOM OF THE 3RD
Minnesota Twins batting - Pitching for Boston Red Sox : RHP Nestor Rivera
Batting: SHB Joe Skipper 0-0: Swinging Strike
0-1: Ball
1-1: Foul Ball, location: 2F
1-2: Ball
2-2: Ball
3-2: Ground out 5-3 (Groundball, 5, EV 82.5 MPH)
Batting: LHB Jose Castro 0-0: Ball
1-0: Foul Ball, location: 2F
1-1: Ball
2-1: Foul Ball, location: 2F
2-2: Strikes out swinging
Batting: RHB Bill Larsen 0-0: Ball
1-0: Called Strike
1-1: Ball
2-1: Ball
3-1: DOUBLE (Line Drive, 78M, EV 100.0 MPH)
Batting: RHB Tony Morales 0-0: Foul Ball, location: 2F
0-1: Fly out, F9 (Line Drive, 9, EV 85.6 MPH)
Bottom of the 3rd over - 0 runs, 1 hit, 0 errors, 1 left on base; Boston 4 - Minnesota 2
TOP OF THE 4TH
Boston Red Sox batting - Pitching for Minnesota Twins : RHP Luis Ortiz
Batting: RHB Mike Ayala 0-0: Foul Ball, location: 2F
0-1: Fly out, F7 (Flyball, 7, EV 79.4 MPH)
Batting: RHB Gilberto Silva 0-0: Ball
1-0: Ground out U3 (Groundball, 34, EV 78.8 MPH)
Batting: RHB Mario Baro 0-0: SINGLE (Groundball, 56D, EV 106.2 MPH)
Batting: RHB Jonathan Sotolongo 0-0: DOUBLE (Line Drive, 9LM, EV 95.6 MPH)
Mario Baro to third
Runner from 3rd tries for Home, SAFE, throw by RF to home
Pitching: RHP Jesus Alvarez
Batting: RHB Justin Welsh 0-0: Ball
1-0: Foul Ball, location: 2F
1-1: Called Strike
1-2: Ball
2-2: Ball
3-2: SINGLE (Groundball, 56D, EV 96.2 MPH)
Jonathan Sotolongo to third
Runner from 3rd tries for Home, SAFE, throw by LF to home
Justin Welsh to second
Batting: RHB D.J. Byington 0-0: Ball
1-0: Ball
2-0: Called Strike
2-1: Ball
3-1: Swinging Strike
3-2: Strikes out swinging
Top of the 4th over - 2 runs, 3 hits, 0 errors, 1 left on base; Boston 6 - Minnesota 2
BOTTOM OF THE 4TH
Minnesota Twins batting - Pitching for Boston Red Sox : RHP Nestor Rivera
Batting: RHB Tim Ellis 0-0: Called Strike
0-1: Foul Ball, location: 2F
0-2: Ground out 6-3 (Groundball, 56, EV 101.9 MPH)
Batting: LHB Eric Dalton 0-0: Ground out 4-3 (Groundball, 4M, EV 80.0 MPH)
Batting: RHB Alex Ortiz 0-0: Ball
1-0: Foul Ball, location: 2F
1-1: Foul Ball, location: 2F
1-2: Foul Ball, location: 2F
1-2: Foul Ball, location: 2F
1-2: Ball
2-2: Foul Ball, location: 2F
2-2: SINGLE (Groundball, 56D, EV 101.2 MPH)
Batting: RHB Franklin Martinez 0-0: Ball
1-0: Fly out, F8 (Flyball, 8LM, EV 93.1 MPH)
Bottom of the 4th over - 0 runs, 1 hit, 0 errors, 1 left on base; Boston 6 - Minnesota 2
TOP OF THE 5TH
Boston Red Sox batting - Pitching for Minnesota Twins : RHP Jesus Alvarez
Batting: LHB Rick Oliver 0-0: Called Strike
0-1: Ball
1-1: Ball
2-1: Ball
3-1: Base on Balls
Batting: LHB Alfredo Gonzales 0-0: Ball
1-0: Ball
2-0: Swinging Strike
2-1: Called Strike
2-2: Strikes out swinging
Batting: LHB Andy Shirey 0-0: Ball
1-0: Called Strike
1-1: Ball
2-1: Called Strike
Rick Oliver steals 2nd base
2-2: Foul Ball, location: 2F
2-2: Strikes out swinging
Batting: RHB Mike Ayala 0-0: Foul Ball, location: 2F
0-1: Ground out 5-3 (Groundball, 56, EV 91.9 MPH)
Top of the 5th over - 0 runs, 0 hits, 0 errors, 1 left on base; Boston 6 - Minnesota 2
BOTTOM OF THE 5TH
Minnesota Twins batting - Pitching for Boston Red Sox : RHP Nestor Rivera
Pitching: RHP Abraham Guerrero
Batting: RHB Brian Burris 0-0: SINGLE (Line Drive, 89M, EV 85.6 MPH)
Batting: SHB Joe Skipper 0-0: Ball
1-0: SINGLE (Flyball, 89S, EV 93.1 MPH)
Brian Burris to second
Runner from 2nd tries for 3rd, SAFE, throw by RF made to third
Batting: LHB Jose Castro 0-0: Foul Ball, location: 2F
0-1: Swinging Strike
0-2: Ball
1-2: Strikes out looking
Batting: RHB Bill Larsen 0-0: Ball
1-0: Fly out, F5 (Popup, 5SF, EV 68.8 MPH)
Batting: RHB Tony Morales 0-0: Ball
1-0: Called Strike
1-1: SINGLE (Line Drive, 56D, EV 103.8 MPH)
Brian Burris scores
Joe Skipper to second
Pinch Hitting: LHB Cory Webb 0-0: Ball
1-0: Foul Ball, location: 2F
1-1: Ball
2-1: 3-RUN HOME RUN (Flyball, 7LD, EV 96.9 MPH), Distance : 380 ft
Pitching: LHP Hector Guevara
Batting: LHB Eric Dalton 0-0: SINGLE (Line Drive, 7S, EV 101.2 MPH)
Batting: RHB Alex Ortiz 0-0: Ball
1-0: Fly out, F9 (Flyball, 9LM, EV 78.8 MPH)
Bottom of the 5th over - 4 runs, 5 hits, 0 errors, 1 left on base; Boston 6 - Minnesota 6
TOP OF THE 6TH
Boston Red Sox batting - Pitching for Minnesota Twins : RHP Jesus Alvarez
Now in LF: Danny Garcia
Pinch Hitting: SHB Andy Dover 0-0: Foul Ball, location: 2F
0-1: Fly out, F8 (Flyball, 8RD, EV 100.0 MPH)
Pinch Hitting: RHB Bobby Brown 0-0: Called Strike
0-1: Ball
1-1: Foul Ball, location: 2F
1-2: Ball
2-2: Ball
3-2: Base on Balls
Batting: RHB Jonathan Sotolongo 0-0: Ball
1-0: Ball
2-0: Ball
3-0: Called Strike
3-1: Swinging Strike
3-2: Base on Balls
Bobby Brown to second
Batting: RHB Justin Welsh 0-0: Grounds into double play, 4-6-3 (Groundball, 4D, EV 81.9 MPH)
Top of the 6th over - 0 runs, 0 hits, 0 errors, 1 left on base; Boston 6 - Minnesota 6
BOTTOM OF THE 6TH
Minnesota Twins batting - Pitching for Boston Red Sox : LHP Hector Guevara
Now at 2B: Bobby Brown
Now at SS: Andy Dover
Pinch Hitting: RHB Nathaniel Buckland 0-0: Ball
1-0: Called Strike
1-1: Called Strike
1-2: Hit by Pitch
Pinch Hitting: SHB Eddie Gaeta 0-0: Ball
1-0: Ball
2-0: Ball
3-0: Called Strike
3-1: Base on Balls
Nathaniel Buckland to second
Batting: RHB Jason Morgan 0-0: Ball
1-0: Called Strike
1-1: Ball
2-1: Ball
3-1: Fly out, F8 (Line Drive, 8RM, EV 96.9 MPH)
Pinch Hitting: RHB Terry Jones 0-0: Ball
1-0: Swinging Strike
1-1: Ball
2-1: Foul Ball, location: 2F
2-2: Ball
3-2: Fly out, F8 (Flyball, 8LD, EV 101.9 MPH)
Runner from 2nd tags up, SAFE at 3rd with throw by CF
Batting: RHB Bill Larsen 0-0: Foul Ball, location: 2F
0-1: Ball
1-1: Called Strike
1-2: Ball
2-2: Foul Ball, location: 2F
2-2: Strikes out looking
Bottom of the 6th over - 0 runs, 0 hits, 0 errors, 2 left on base; Boston 6 - Minnesota 6
TOP OF THE 7TH
Boston Red Sox batting - Pitching for Minnesota Twins : RHP Jesus Alvarez
Pitching: RHP Randy Pontes
Now at SS: Eddie Gaeta
Now in CF: Terry Jones
Now in RF: Gianni van Buren
Batting: LHB Luis Rivera 0-0: Ground out 4-3 (Groundball, 4, EV 102.5 MPH)
Pinch Hitting: RHB Lazaro Garcia 0-0: Called Strike
0-1: Ball
1-1: Swinging Strike
1-2: Foul Ball, location: 2F
1-2: DOUBLE (Line Drive, 7LM, EV 94.4 MPH)
Batting: LHB Alfredo Gonzales 0-0: Ball
Passed Ball!
Lazaro Garcia to third
1-0: Ball
2-0: Ball
3-0: Base on Balls
Batting: LHB Andy Shirey 0-0: Called Strike
0-1: Ball
1-1: Ground out 6-3 (Groundball, 4, EV 88.8 MPH)
Alfredo Gonzales to second
Batting: RHB Mike Ayala 0-0: Ball
1-0: Ball
2-0: Swinging Strike
2-1: Swinging Strike
2-2: Foul Ball, location: 2F
2-2: Strikes out swinging
Top of the 7th over - 0 runs, 1 hit, 0 errors, 2 left on base; Boston 6 - Minnesota 6
BOTTOM OF THE 7TH
Minnesota Twins batting - Pitching for Boston Red Sox : LHP Hector Guevara
Pitching: LHP Eric Lindsey
Now in LF: Lazaro Garcia
Pinch Hitting: RHB William Ortiz 0-0: Ball
1-0: Ball
2-0: Ball
3-0: Called Strike
3-1: Swinging Strike
3-2: Fly out, F3 (Line Drive, 3, EV 75.6 MPH)
Batting: SHB Danny Garcia 0-0: Called Strike
0-1: Ball
1-1: Fly out, F9 (Flyball, 89XD, EV 102.5 MPH)
Pinch Hitting: RHB Vicente Pastor 0-0: Ball
1-0: Foul Ball, location: 2F
1-1: Foul Ball, location: 2F
1-2: Ball
2-2: Foul Ball, location: 2F
2-2: Foul Ball, location: 2F
2-2: Foul Ball, location: 2F
2-2: Strikes out looking
Bottom of the 7th over - 0 runs, 0 hits, 0 errors, 0 left on base; Boston 6 - Minnesota 6
TOP OF THE 8TH
Boston Red Sox batting - Pitching for Minnesota Twins : RHP Randy Pontes
Now at 1B: William Ortiz
Now at 2B: Vicente Pastor
Batting: SHB Andy Dover 0-0: Fly out, F9 (Line Drive, 9S, EV 107.5 MPH)
Batting: RHB Bobby Brown 0-0: Swinging Strike
0-1: Swinging Strike
0-2: Ball
1-2: Ball
2-2: Foul Ball, location: 2F
2-2: Foul Ball, location: 2F
2-2: Strikes out swinging
Batting: RHB Jonathan Sotolongo 0-0: Fly out, F2 (Popup, 23F, EV 87.5 MPH)
Top of the 8th over - 0 runs, 0 hits, 0 errors, 0 left on base; Boston 6 - Minnesota 6
BOTTOM OF THE 8TH
Minnesota Twins batting - Pitching for Boston Red Sox : LHP Eric Lindsey
Pinch Hitting: RHB Bryan Welsh 0-0: Ball
1-0: Swinging Strike
1-1: Called Strike
1-2: Ball
2-2: Fly out, F8 (Flyball, 8RXD, EV 96.9 MPH)
Batting: RHB Gianni van Buren 0-0: Swinging Strike
0-1: Foul Ball, location: 2F
0-2: Strikes out swinging
Batting: SHB Eddie Gaeta 0-0: Ball
1-0: Foul Ball, location: 2F
1-1: Ball
2-1: Swinging Strike
2-2: Strikes out swinging
Bottom of the 8th over - 0 runs, 0 hits, 0 errors, 0 left on base; Boston 6 - Minnesota 6
TOP OF THE 9TH
Boston Red Sox batting - Pitching for Minnesota Twins : RHP Randy Pontes
Pitching: RHP Ken Steinberg
Now at C: Guillermo Diaz
Batting: RHB Justin Welsh 0-0: Ball
1-0: Swinging Strike
1-1: Called Strike
1-2: Ball
2-2: Foul Ball, location: 2F
2-2: Strikes out swinging
Batting: LHB Luis Rivera 0-0: Foul Ball, location: 2F
0-1: Swinging Strike
0-2: Fly out, F7 (Flyball, 8LS, EV 93.1 MPH)
Batting: RHB Lazaro Garcia 0-0: Ball
1-0: Ball
2-0: Fly out, F7 (Flyball, 78D, EV 101.2 MPH)
Top of the 9th over - 0 runs, 0 hits, 0 errors, 0 left on base; Boston 6 - Minnesota 6
BOTTOM OF THE 9TH
Minnesota Twins batting - Pitching for Boston Red Sox : LHP Eric Lindsey
Pitching: RHP Kelvin Barba
Batting: LHB Ignacio Valverde 0-0: Called Strike
0-1: Ball
1-1: Ball
2-1: DOUBLE (Line Drive, 9LS, EV 102.5 MPH)
Pinch Hitting: LHB Jarrod Albright 0-0: Ball
1-0: Called Strike
1-1: Swinging Strike
1-2: Foul Ball, location: 2F
1-2: Foul Ball, location: 2F
1-2: Foul Ball, location: 2F
1-2: Ball
2-2: Ball
3-2: Strikes out looking
Batting: RHB Bill Larsen 0-0: Intentional Walk
Pinch Hitting: LHB Phil Bailey 0-0: SINGLE (Line Drive, 8LS, EV 101.9 MPH)
Ignacio Valverde to third
Bill Larsen to second
Batting: SHB Danny Garcia 0-0: Called Strike
0-1: Called Strike
0-2: Ball
1-2: Ball
2-2: Strikes out swinging
Batting: RHB Vicente Pastor 0-0: Ball
1-0: Swinging Strike
1-1: Ball
2-1: Swinging Strike
2-2: Foul Ball, location: 2F
2-2: Ball
3-2: Foul Ball, location: 2F
3-2: Strikes out looking
Bottom of the 9th over - 0 runs, 2 hits, 0 errors, 3 left on base; Boston 6 - Minnesota 6
TOP OF THE 10TH
Boston Red Sox batting - Pitching for Minnesota Twins : RHP Ken Steinberg
Now at 1B: Jarrod Albright
Now in CF: Alex Perez
Batting: LHB Alfredo Gonzales 0-0: Ball
1-0: Ball
2-0: Ball
3-0: Called Strike
3-1: Base on Balls
Pinch Hitting: SHB Masao Matsumoto 0-0: Ball
1-0: Swinging Strike
1-1: Ball
2-1: Fly out, F3 (Popup, 3SF, EV 69.4 MPH)
Batting: RHB Mike Ayala 0-0: Ball
1-0: Foul Ball, location: 2F
1-1: Foul Ball, location: 2F
1-2: Ball
2-2: Foul Ball, location: 2F
2-2: Fly out, F8 (Flyball, 8RD, EV 101.9 MPH)
Batting: SHB Andy Dover 0-0: Ball
1-0: Called Strike
1-1: Ball
Alfredo Gonzales steals 2nd base (no throw)
2-1: Called Strike
2-2: Foul Ball, location: 2F
2-2: Strikes out swinging
Top of the 10th over - 0 runs, 0 hits, 0 errors, 1 left on base; Boston 6 - Minnesota 6
BOTTOM OF THE 10TH
Minnesota Twins batting - Pitching for Boston Red Sox : RHP Kelvin Barba
Pitching: RHP George Henshaw
Now at C: Masao Matsumoto
Batting: RHB Guillermo Diaz 0-0: Ball
1-0: Foul Ball, location: 2F
1-1: Foul Ball, location: 2F
1-2: Foul Ball, location: 2F
1-2: Strikes out looking
Batting: RHB Gianni van Buren 0-0: Called Strike
0-1: Ball
1-1: Ball
2-1: Swinging Strike
2-2: Foul Ball, location: 2F
2-2: Ball
3-2: Strikes out swinging
Batting: SHB Eddie Gaeta 0-0: Ball
1-0: Called Strike
1-1: Foul Ball, location: 2F
1-2: Ball
2-2: Strikes out swinging
Bottom of the 10th over - 0 runs, 0 hits, 0 errors, 0 left on base; Boston 6 - Minnesota 6
TOP OF THE 11TH
Boston Red Sox batting - Pitching for Minnesota Twins : RHP Ken Steinberg
Batting: RHB Bobby Brown 0-0: Foul Ball, location: 2F
0-1: Ball
1-1: Called Strike
1-2: Foul Ball, location: 2F
1-2: Foul Ball, location: 2F
1-2: Strikes out swinging
Batting: RHB Jonathan Sotolongo 0-0: Called Strike
0-1: Ball
1-1: Swinging Strike
1-2: Ball
2-2: Strikes out swinging
Batting: RHB Justin Welsh 0-0: Called Strike
0-1: Ball
1-1: Fly out, F7 (Line Drive, 8LM, EV 86.9 MPH)
Top of the 11th over - 0 runs, 0 hits, 0 errors, 0 left on base; Boston 6 - Minnesota 6
BOTTOM OF THE 11TH
Minnesota Twins batting - Pitching for Boston Red Sox : RHP George Henshaw
Batting: LHB Ignacio Valverde 0-0: Ball
1-0: Foul Ball, location: 2F
1-1: SINGLE (Line Drive, 4D, EV 93.8 MPH)
Batting: LHB Jarrod Albright 0-0: Ball
1-0: Called Strike
1-1: Foul Ball, location: 2F
1-2: Foul Ball, location: 2F
1-2: Strikes out swinging
Batting: RHB Bill Larsen 0-0: Called Strike
0-1: Fly out, F8 (Flyball, 8LS, EV 99.4 MPH)
Batting: SHB Alex Perez 0-0: Ball
1-0: Swinging Strike
1-1: DOUBLE (Groundball, 5L, EV 103.8 MPH)
Ignacio Valverde to third
Batting: SHB Danny Garcia 0-0: Intentional Walk
Pitching: LHP Jose de los Santos
Batting: RHB Vicente Pastor 0-0: Called Strike
0-1: Ball
1-1: Swinging Strike
1-2: Strikes out swinging
Bottom of the 11th over - 0 runs, 2 hits, 0 errors, 3 left on base; Boston 6 - Minnesota 6
TOP OF THE 12TH
Boston Red Sox batting - Pitching for Minnesota Twins : RHP Ken Steinberg
Pitching: LHP Tony Aragon
Batting: LHB Luis Rivera 0-0: Ball
1-0: Ball
2-0: Foul Ball, location: 2F
2-1: Swinging Strike
2-2: Ball
3-2: Foul Ball, location: 2F
3-2: Foul Ball, location: 2F
3-2: Foul Ball, location: 2F
3-2: Ground out 6-3 (Groundball, 6M, EV 85.0 MPH)
Batting: RHB Lazaro Garcia 0-0: Ball
1-0: Called Strike
1-1: Swinging Strike
1-2: Ball
2-2: Foul Ball, location: 2F
2-2: DOUBLE (Line Drive, 9LS, EV 108.8 MPH)
Batting: LHB Alfredo Gonzales 0-0: Ball
1-0: Ball
2-0: Called Strike
2-1: Swinging Strike
2-2: Ground out 5-3 (Groundball, 5D, EV 90.0 MPH)
Batting: SHB Masao Matsumoto 0-0: Ball
1-0: Called Strike
1-1: SINGLE (Line Drive, 7LS, EV 108.1 MPH)
Lazaro Garcia to third
Runner from 3rd tries for Home, SAFE, throw by LF to home
Batting: RHB Mike Ayala 0-0: Fielders Choice at 2nd, 6-4 (Groundball, 6, EV 83.8 MPH)
Top of the 12th over - 1 run, 2 hits, 0 errors, 1 left on base; Boston 7 - Minnesota 6
BOTTOM OF THE 12TH
Minnesota Twins batting - Pitching for Boston Red Sox : LHP Jose de los Santos
Batting: RHB Guillermo Diaz 0-0: Called Strike
0-1: Ball
1-1: Foul Ball, location: 2F
1-2: Strikes out looking
Batting: RHB Gianni van Buren 0-0: Swinging Strike
0-1: Swinging Strike
0-2: Ball
1-2: Ball
2-2: Fly out, F7 (Flyball, 7D, EV 95.0 MPH)
Pinch Hitting: RHB Joey McKnight 0-0: Foul Ball, location: 2F
0-1: Foul Ball, location: 2F
0-2: Ball
1-2: Ball
2-2: Strikes out looking
Bottom of the 12th over - 0 runs, 0 hits, 0 errors, 0 left on base; Boston 7 - Minnesota 6
Saturday, June 5th , 2021 - OOTP Baseball 22.5 Build 54